Map: Deathaura LE

Players

FeEbLeNFraiL - Winner!

  • Race: Protoss Protoss
  • League: Master
  • Spawn Location: 11:00

OiLTowN

  • Race: Zerg Zerg
  • League: Master
  • Spawn Location: 5:00

VOD

Have the link to the VOD?

Description

Time

  • Played on: Aug. 24, 2020, 4:56 p.m.
  • Length: 11:58
Show
View Real Time Build Order
Export as new Build Order

FeEbLeNFraiL Protoss - Winner!

Build Orders: Nexus First, Oracle Opening, Phoenix Opening, Carriers 

Get SALT Encoding   

  12  0:02  Probe  
  13  0:14  Pylon  
  13  0:19  Probe  
  14  0:31  Probe (Chrono Boost)  
  15  0:41  Probe (Chrono Boost)  
  16  0:46  Probe (Chrono Boost)  
  17  1:02  Nexus  
  17  1:12  Gateway  
  17  1:20  Pylon  
  17  1:23  Probe (Chrono Boost)  
  18  1:29  Assimilator  
  19  1:33  Probe (Chrono Boost)  
  19  1:41  Probe  
  19  1:43  Gateway  
  20  1:48  Assimilator  
  20  1:50  Pylon  
  20  1:56  Probe  
  21  2:09  Zealot  
  21  2:10  Cybernetics Core  
  23  2:15  Probe  
  23  2:16  Probe  
  25  2:28  Probe  
  26  2:30  Probe  
  27  2:41  Probe  
  28  2:46  Adept (Chrono Boost), Stargate  
  28  2:47  Adept (Chrono Boost)  
  32  2:52  Warp Gate  
  32  2:55  Probe  
  32  2:58  Probe  
  34  3:06  Shield Battery  
  34  3:07  Probe  
  35  3:15  Pylon  
  35  3:18  Probe  
  37  3:20  Probe  
  37  3:26  Oracle (Chrono Boost)  
  37  3:27  Pylon  
  40  3:37  Probe x2  
  42  3:56  Probe x2, Phoenix (Chrono Boost)  
  42  4:02  Nexus  
  42  4:06  Pylon  
  42  4:14  Stargate  
  42  4:18  Assimilator  
  42  4:20  Assimilator  
  44  4:37  Probe x2  
  46  4:42  Adept  
  46  4:48  Adept  
  46  4:51  Probe x2  
  50  4:57  Forge  
  50  5:02  Adept  
  50  5:03  Adept  
  54  5:15  Probe x2, Fleet Beacon  
  54  5:16  Probe  
  54  5:19  Pylon  
  57  5:21  Pylon  
  57  5:28  Probe x2  
  56  5:34  Void Ray x2  
  56  5:37  Probe  
  56  5:40  Probe  
  66  5:59  Probe x3  
  67  6:11  Photon Cannon x2, Probe  
  62  6:12  Pylon  
  62  6:13  Adept x2  
  62  6:15  Carrier (Chrono Boost)  
  72  6:22  Carrier (Chrono Boost)  
  74  6:34  Adept x2  
  78  6:53  Pylon  
  78  6:54  Pylon  
  78  6:56  Shield Battery  
  78  6:58  Mothership (Chrono Boost)  
  78  6:59  Probe x2, Photon Cannon  
  78  7:00  Photon Cannon  
  80  7:01  Photon Cannon  
  80  7:02  Zealot  
  82  7:10  Protoss Air Weapons Level 1 (Chrono Boost)  
  91  7:26  Probe (Chrono Boost)  
  91  7:27  Shield Battery  
  91  7:28  Shield Battery  
  92  7:31  Probe (Chrono Boost)  
  92  7:42  Probe x2  
  100  7:44  Carrier (Chrono Boost)  
  100  7:56  Carrier (Chrono Boost)  
  106  8:04  Adept  
  106  8:05  Adept  
  110  8:17  Pylon  
  110  8:19  Probe x2  
  118  8:34  Carrier (Chrono Boost)  
  118  8:40  Carrier (Chrono Boost)  
  118  8:45  Adept x2  
  127  8:54  Probe  
  118  9:17  Twilight Council  
  118  9:19  Gateway  
  118  9:20  Gateway  
  119  9:24  Probe x3  
  119  9:25  Assimilator  
  119  9:28  Pylon  
  119  9:29  Assimilator  
  121  9:31  Carrier  
  121  9:33  Pylon  
  121  9:35  Adept x2  
  131  9:47  Photon Cannon x2  
  131  9:49  Pylon  
  131  9:51  Photon Cannon  
  131  9:54  Photon Cannon  
  131  9:56  Carrier  
  137  10:00  Adept  
  137  10:01  Adept  
  141  10:08  Probe x3  
  144  10:25  Charge (Chrono Boost)  
  141  10:36  Carrier  
  132  11:16  Zealot x2  
Show
View Real Time Build Order
Export as new Build Order

OiLTowN Zerg 

Build Orders: Hatch First 

Get SALT Encoding   

  12  0:00  Drone  
  13  0:12  Overlord  
  13  0:21  Drone  
  14  0:31  Drone x2  
  16  0:48  Hatchery  
  15  0:52  Drone  
  15  0:54  Drone  
  17  1:11  Drone  
  18  1:18  Extractor  
  17  1:19  Spawning Pool  
  17  1:22  Drone  
  17  1:29  Drone x2  
  19  1:43  Drone  
  20  1:51  Drone  
  21  2:02  Hatchery  
  20  2:09  Queen  
  22  2:21  Queen  
  24  2:26  Metabolic Boost  
  24  2:29  Drone  
  25  2:31  Drone  
  25  2:36  Drone  
  27  2:38  Overlord  
  27  2:42  Zergling x2  
  28  2:56  Queen  
  30  3:00  Drone  
  30  3:01  Queen  
  30  3:05  Overlord  
  33  3:12  Zergling x2  
  34  3:13  Zergling x4  
  34  3:17  Queen  
  38  3:27  Zergling x2  
  38  3:28  Zergling x2  
  38  3:29  Drone  
  38  3:30  Drone x2  
  43  3:48  Drone, Overlord  
  43  3:49  Drone  
  43  3:50  Drone x5  
  49  4:02  Lair  
  47  4:03  Roach Warren  
  47  4:05  Drone  
  47  4:08  Queen  
  49  4:14  Queen  
  51  4:21  Drone  
  52  4:25  Spore Crawler  
  52  4:27  Spore Crawler  
  52  4:29  Spore Crawler  
  52  4:30  Drone  
  50  4:39  Drone  
  51  4:48  Drone  
  51  4:51  Extractor  
  51  4:52  Overlord x3  
  50  4:53  Extractor  
  50  4:54  Drone x3  
  50  4:55  Evolution Chamber  
  51  5:04  Drone  
  51  5:05  Drone  
  53  5:08  Drone  
  53  5:09  Drone  
  53  5:10  Baneling Nest  
  54  5:16  Drone  
  54  5:19  Drone x3  
  58  5:24  Drone  
  59  5:29  Drone  
  59  5:34  Zerg Missile Weapons Level 1  
  60  5:37  Hydralisk Den  
  59  5:43  Zergling x2  
  59  5:44  Zergling x16  
  63  6:06  Drone  
  62  6:12  Drone  
  63  6:19  Drone  
  63  6:24  Drone  
  65  6:26  Overlord x3  
  65  6:27  Drone  
  65  6:29  Muscular Augments  
  65  6:32  Extractor  
  65  6:37  Drone  
  65  6:38  Drone x6  
  70  6:45  Hatchery  
  61  6:49  Drone x5  
  65  6:55  Drone  
  65  6:57  Extractor  
  65  7:01  Zergling x2  
  65  7:02  Zergling x12  
  65  7:06  Centrifical Hooks  
  72  7:10  Evolution Chamber  
  71  7:16  Drone  
  71  7:17  Drone x5  
  77  7:22  Extractor  
  77  7:28  Drone x4, Zerg Melee Weapons Level 1  
  77  7:29  Drone x2  
  83  7:39  Zerg Missile Weapons Level 2  
  83  7:42  Overlord x4  
  83  7:43  Overseer  
  83  7:45  Pneumatized Carapace  
  83  7:56  Hydralisk  
  83  7:57  Hydralisk x4  
  93  7:59  Hydralisk  
  93  8:03  Queen  
  97  8:10  Drone x6  
  97  8:11  Drone x2  
  105  8:16  Drone x3  
  105  8:18  Drone  
  105  8:19  Extractor  
  109  8:20  Drone x3  
  109  8:25  Grooved Spines  
  111  8:32  Overlord x2  
  111  8:33  Overlord  
  111  8:34  Drone x2  
  111  8:35  Drone x4  
  110  8:52  Hydralisk x9  
  124  9:05  Drone x4  
  127  9:11  Drone x3  
  127  9:16  Hydralisk x3  
  127  9:17  Hydralisk x4  
  132  9:20  Extractor  
  132  9:21  Extractor  
  142  9:24  Infestation Pit  
  142  9:26  Overlord x2  
  142  9:27  Overlord  
  141  9:33  Overseer  
  141  9:35  Drone  
  141  9:36  Drone x4  
  146  9:39  Hydralisk x2  
  146  9:41  Hatchery  
  149  9:57  Spire  
  149  9:59  Zerg Ground Armor Level 1  
  148  10:00  Overlord x2  
  148  10:01  Hydralisk, Overlord  
  148  10:02  Hydralisk x5  
  160  10:13  Zergling x14  
  167  10:23  Hive  
  167  10:28  Baneling  
  167  10:29  Baneling x12  
  167  10:30  Hydralisk  
  167  10:31  Hydralisk x7  
  167  10:35  Overseer x3  
  176  10:40  Hydralisk x2  
  178  10:47  Hydralisk x3  
  178  10:48  Hydralisk  
  158  10:58  Hydralisk x4  
  158  11:03  Baneling x5  
  160  11:09  Hydralisk x2  
  155  11:12  Overlord x2  
  155  11:14  Zergling x14  
  151  11:19  Overseer x2  
  151  11:23  Hydralisk x2  
  151  11:24  Hydralisk  
  143  11:31  Overseer  
  143  11:32  Overseer  
  125  11:44  Overseer x2  
Tags
 
Add a new tag
Caveats
  • Supply blocks, unpowered buildings, or Contaminate may cause inaccurate times.
  • Supply counts are checked every 10 seconds.